 Dungeon Crawl Stone Soup version 0.23.1 (webtiles) character file.

Game seed: 2008992953786094479

207 Borgoz the Sneak (level 5, -7/40 (41) HPs)
             Began as a Ghoul Enchanter on Mar 4, 2019.
             Was an Initiate of Ashenzari.
             Killed from afar by an orc wizard (10 damage)
             ... with a magic dart
             ... on level 4 of the Dungeon.
             The game lasted 00:08:48 (2971 turns).

Borgoz the Sneak (Ghoul Enchanter)                  Turns: 2971, Time: 00:08:49

HP:   -7/40 (41)    AC:  3    Str: 11 (12) XL:     5   Next: 85%
MP:   6/6           EV: 18    Int: 10      God:    Ashenzari [......]
Gold: 123           SH:  0    Dex: 13 (15) Spells: 6/7 levels left

rFire    . . .     SeeInvis .   a - +0 rapier
rCold    + . .     Gourm    .   (no shield)
rNeg     + + +     Faith    .   g - +0 leather armour
rPois    ∞         Spirit   .   (no helmet)
rElec    .         Reflect  .   (no cloak)
rCorr    .         Harm     .   (no gloves)
MR       .....                  (no boots)
Stlth    +++.......             (no amulet)
HPRegen  0.00/turn              (no ring)
MPRegen  0.10/turn              (no ring)

@: agile, rotting, slowed, very slow
A: rotting body, claws 1, carnivore, cold resistance 1, negative energy
resistance 3, inhibited regeneration, torment resistance, unbreathing
a: Curse Item, Renounce Religion


You were on level 4 of the Dungeon.
You worshipped Ashenzari.
Ashenzari was noncommittal.
You were not hungry.

You visited 2 branches of the dungeon, and saw 5 of its levels.

You collected 123 gold pieces.

Inventory:

Hand Weapons
 a - a +0 rapier (weapon)
 b - a +0 blowgun
Missiles
 m - 60 poisoned needles
Armour
 g - a +0 leather armour (worn)
 l - a +0 cloak
Scrolls
 c - 3 scrolls of identify {unknown}
 e - 5 scrolls of teleportation {unknown}
 h - a scroll of magic mapping {unknown}
 j - a scroll of enchant weapon {unknown}
 k - 2 scrolls of remove curse
 n - a scroll of blinking {unknown}
Comestibles
 d - 4 rations


   Skills:
 + Level 1.8 Fighting
 * Level 2.7 Short Blades
 + Level 1.4 Armour
 * Level 3.2 Dodging
 + Level 4.1 Stealth
 - Level 1.7 Spellcasting
 - Level 2.4 Hexes


You had 6 spell levels left.
You knew the following spells:

 Your Spells              Type           Power        Failure   Level  Hunger
a - Corona                Hex            #......      16%         1    ##.....

Your spell library contained the following spells:

 Spells                   Type           Power        Failure   Level  Hunger
 Ensorcelled Hibernation  Hex/Ice        #.....       36%         2    ###....
 Confuse                  Hex            #.......     43%         3    ####...
 Tukima's Dance           Hex            #.......     43%         3    ####...
 Dazzling Spray           Conj/Hex       #.....       61%         3    ####...


Dungeon Overview and Level Annotations

Branches:
Dungeon (4/15)             Temple (1/1) D:4

Altars:
Ashenzari
Dithmenos
Fedhas
Hepliaklqana
Kikubaaqudgha
Nemelex Xobeh
Okawaru
Qazlal
Ru
Sif Muna
Trog
Uskayaw
Vehumet
Wu Jian
Xom
Yredelemnul
Zin
The Shining One


Innate Abilities, Weirdness & Mutations

Your body is rotting away.
You thrive on raw meat.
You are immune to poison.
You have sharp fingernails.
You are carnivorous and can eat meat at any time.
Your flesh is cold resistant. (rC+)
You are immune to negative energy. (rN+++)
You do not regenerate when monsters are visible.
You are immune to unholy pain and torment.
You can survive without breathing.


Message History

The leopard gecko bites you.
* * * LOW HITPOINT WARNING * * *
The orc wizard misses you. The leopard gecko closely misses you.
The orc wizard points at you and mumbles some strange words.
The magic dart hits you.
* * * LOW HITPOINT WARNING * * *
You aren't carrying any potions.
Unknown command.
Okay, then.
You hit the orc wizard.
The orc wizard is almost dead.
The leopard gecko misses you.
The orc wizard mumbles some strange words.
The orc wizard seems to speed up.
The leopard gecko misses you.
You hear a bark!
You barely miss the orc wizard.
The orc wizard is almost dead.
The orc wizard points at you and mumbles some strange words.
The magic dart hits you!
You die...

#.# #.. #.# ..#
# #. #.#.# #.
#.#.## #. #.o..#
.# #.##@# ##
#.## #.ol## .#
#...#. #.oo#
.##..$... ##..##
##.........
#.#.###...#.....
#[##.l.....$....
#.##o...#...##
#.##...#.#..#
#.##..#._.#


You could see an orc wizard, 3 orcs and a leopard gecko.

Vanquished Creatures
  A howler monkey (D:3)
  A worker ant (D:4)
  5 adders
  2 worms
  4 dart slugs
  2 leopard geckos
  3 orcs
  4 ball pythons
  6 giant cockroaches
  6 hobgoblins
  15 jackals (D:3)
  8 kobolds
  A quokka (D:2)
  7 bats
  4 frilled lizards
  4 goblins
  6 rats
79 creatures vanquished.

Notes
Turn   | Place    | Note
-------+----------+-------------------------------------------
     0 | D:1      | Borgoz the Ghoul Enchanter began the quest for the Orb.
     0 | D:1      | Reached XP level 1. HP: 14/14 MP: 2/2
    55 | D:1      | Reached skill level 1 in Short Blades
    99 | D:2      | Reached XP level 2. HP: 15/22 MP: 3/3
   319 | D:1      | Reached XP level 3. HP: 27/27 MP: 4/4
  1113 | D:2      | Reached skill level 1 in Fighting
  1184 | D:2      | Found a sparkling altar of Nemelex Xobeh.
  1189 | D:2      | Found a basalt altar of Yredelemnul.
  1299 | D:2      | Reached XP level 4. HP: 32/35 MP: 5/5
  1913 | D:3      | Reached skill level 1 in Armour
  1959 | D:3      | Reached XP level 5. HP: 19/40 MP: 6/6
  2077 | D:3      | Reached skill level 4 in Stealth
  2783 | D:4      | Found a staircase to the Ecumenical Temple.
  2800 | Temple   | Entered the Ecumenical Temple
  2804 | Temple   | Became a worshipper of Ashenzari the Shackled
  2935 | D:4      | Found an iron altar of Okawaru.
  2971 | D:4      | Killed from afar by an orc wizard

Skill      XL: |  1  2  3  4  5 |
---------------+----------------+-----
Short Blades   | 1 2 |  2.7
Dodging        | 2 3 |  3.2
Fighting       | 1 |  1.8
Armour         | 1 |  1.4
Stealth        | 4 |  4.1
Spellcasting   | |  1.7
Hexes          | |  2.4

Action                   |  1- 3 |  4- 6 || total
-------------------------+-------+-------++-------
Melee: Dagger            |    42 |       ||    42
       Rapier            |    83 |   220 ||   303
 Cast: Corona            |       |     1 ||     1
  Use: Potion            |     3 |     2 ||     5
 Stab: Sleeping          |     6 |     1 ||     7
  Eat: Chunk             |    14 |    22 ||    36
Armor: Robe              |     6 |       ||     6
       Leather armour    |    13 |    65 ||    78
Dodge: Dodged            |    80 |   175 ||   255
